 Dungeon Crawl Stone Soup version 0.29.1-12-g30fa7ad0bf (webtiles) character file.

Game seed: 6913123421224686685

3827 suipiss the Envoy of Void (level 9, -3/117 HPs)
             Began as a Demonspawn Abyssal Knight on Dec 31, 2022.
             Was a High Priest of Lugonu.
             Slain by a two-headed ogre
             ... wielding a +0 giant spiked club
              (20 damage)
             ... on level 8 of the Dungeon on Jan 12, 2023.
             The game lasted 00:17:52 (10474 turns).

suipiss the Envoy of Void (DsAK)                   Turns: 10474, Time: 00:17:53

Health: -3/117     AC: 24    Str: 14    XL:     9   Next: 97%
Magic:  15/15      EV:  2    Int: 11    God:    Lugonu [*****.]
Gold:   167        SH:  0    Dex: 18    Spells: 8/8 levels left

rFire   . . .      SeeInvis .   a - +1 mace
rCold   . . .      Faith    .   (no shield)
rNeg    + . .      Spirit   .   (body armour currently unavailable)
rPois   +          Reflect  .   (helmet currently unavailable)
rElec   .          Harm     .   (cloak currently unavailable)
rCorr   .          Rampage  .   (gloves currently unavailable)
Will    .....      NoTele   +   (boots currently unavailable)
Stlth   ++........              f - amulet of the acrobat
HPRegen 0.29/turn               g - ring of positive energy
MPRegen 0.14/turn               z - ring of poison resistance

@: tree-form, on berserk cooldown, attractive, hasted and slowed
A: stationary, stasis, torment immunity, boosted hp, (horns 1), foul stench 1,
(sharp scales 2), agile 1, robust 1, weak 1
a: Renounce Religion, Depart the Abyss, Bend Space, Banish, Corrupt, Enter the
Abyss


You were on level 8 of the Dungeon.
You worshipped Lugonu.
Lugonu was extremely pleased with you.
You were a tree.
You visited 1 branch of the dungeon, and saw 8 of its levels.
You visited the Abyss 1 time.
You also visited: Ossuary.

You collected 431 gold pieces.
You spent 264 gold pieces at shops.

Inventory:

Hand Weapons
 a - a +1 mace (weapon)
Armour
 b - a +0 leather armour
 k - a +2 pair of gloves (melded)
 u - a +1 chain mail of cold resistance
 y - a +2 hat (melded)
 F - a scarf of resistance (melded)
 I - a +1 robe of positive energy
 K - +0 acid dragon scales (melded)
 M - +0 steam dragon scales
Jewellery
 f - an amulet of the acrobat (around neck)
 g - a ring of positive energy (left branch)
 j - an amulet of magic regeneration
 t - a ring of fire
 w - an amulet of faith
 z - a ring of poison resistance (right branch)
 B - a ring of fire
 E - an amulet of reflection
 H - a +4 ring of slaying
Wands
 l - a wand of flame (4)
 r - a wand of quicksilver (9)
Scrolls
 c - 2 scrolls of torment
 e - 2 scrolls of enchant weapon
 h - a scroll of blinking
 i - a scroll of amnesia
 m - 2 scrolls of immolation
 n - 2 scrolls of vulnerability {unknown}
 o - a scroll of poison
 p - 3 scrolls of teleportation
 q - 3 scrolls of magic mapping
 s - 2 scrolls of enchant armour
 v - a scroll of brand weapon {unknown}
 O - a scroll of acquirement {unknown}
Potions
 N - a potion of brilliance


   Skills:
 + Level 6.6 Fighting
 + Level 5.5 Maces & Flails
 + Level 5.5 Armour
 + Level 5.3 Dodging
 + Level 5.2 Shields
 + Level 8.1 Invocations


You had 8 spell levels left.
You didn't know any spells.
Your spell library contained the following spells:

 Spells                   Type           Power      Damage    Failure   Level
 Apportation              Tloc           0%         N/A       34%         1
 Slow                     Hex            0%         N/A       34%         1
 Confusing Touch          Hex            0%         N/A       71%         3
 Frozen Ramparts          Ice            0%         1d1       71%         3
 Portal Projectile        Hex/Tloc       0%         N/A       71%         3
 Tukima's Dance           Hex            0%         N/A       71%         3
 Vampiric Draining        Necr           0%         2d6       71%         3
 Ice Form                 Ice/Tmut       0%         N/A       98%         4
 Summon Ice Beast         Ice/Summ       0%         N/A       98%         4
 Alistair's Intoxication  Tmut/Pois      0%         N/A       100%        5
 Blade Hands              Tmut           0%         N/A       100%        5


Dungeon Overview and Level Annotations

Branches:
Dungeon (8/15)             Temple (0/1) D:7         Ossuary (visited)
   Lair: D:8-11

Altars:
Cheibriados
Makhleb
Xom
Yredelemnul

Shops:
D:3 *   D:5 [   D:6 *

Annotations:
D:4 Edmund


Innate Abilities, Weirdness & Mutations

You are a tree.
Your roots penetrate the ground, keeping you stationary.
You cannot be teleported.
You are immune to unholy pain and torment.
Your maximum health is greatly increased.
Your equipment is partially melded.
((You have a pair of small horns on your head.))
You may rarely emit foul miasma when damaged in melee.
((You are mostly covered in razor-sharp scales. (AC +2, Slay +2)))
You are agile. (Dex +4, Str/Int -1)
You are robust. (+10% HP)
You are weak. (Str -2)


Message History

Really quaff the potion of lignification?
You turn into a tree.
Your scarf of resistance melds into your body.
Your +2 hat melds into your body.
Your +2 pair of gloves melds into your body.
Your +0 acid dragon scales melds into your body.
You feel hot and cold all over.
Your roots penetrate the ground.
The two-headed ogre hits you with a +0 giant spiked club!
The two-headed ogre hits you but does no damage.
You hit the two-headed ogre.
The two-headed ogre is lightly wounded.
The two-headed ogre hits you with a +0 giant spiked club.
The two-headed ogre hits you with a +0 giant club!
You barely miss the two-headed ogre.
The two-headed ogre is lightly wounded.
You sock the two-headed ogre!
The two-headed ogre is lightly wounded.
The two-headed ogre hits you with a +0 giant spiked club!
The two-headed ogre hits you with a +0 giant club!
You barely miss the two-headed ogre.
The two-headed ogre is lightly wounded.
The two-headed ogre hits you with a +0 giant spiked club!
The two-headed ogre hits you with a +0 giant club!
You hit the two-headed ogre but do no damage.
The two-headed ogre is lightly wounded.
The two-headed ogre hits you with a +0 giant spiked club.
* * * LOW HITPOINT WARNING * * *
The two-headed ogre hits you with a +0 giant club.
* * * LOW HITPOINT WARNING * * *
You thump the two-headed ogre!
The two-headed ogre is moderately wounded.
You hit the two-headed ogre.
The two-headed ogre is moderately wounded.
The two-headed ogre hits you with a +0 giant spiked club!!
* * * LOW HITPOINT WARNING * * *
The two-headed ogre hits you with a +0 giant club!
* * * LOW HITPOINT WARNING * * *
You feel better.
The two-headed ogre hits you with a +0 giant spiked club!!
You die...

#.# ###### #.#
###.###....# #.#
##.....####.# #.#
..#.#.. #.# #.# ##
..... #.###.####.
... #.........#
#O# #..##.##...
#O# #..##.##...
#♣######..##.##...
#.#..........##...
#...####......#...
##### #.####.####
#.# #.#### #.#
#..... #.# #.####
#.# #.# # #.#
#.####


You could see 2 two-headed ogres.

Vanquished Creatures
  Maggie (D:7)
  A hornet (D:7)
  Grinder (D:5)
  A spriggan (D:8)
  A steam dragon (D:7)
  Menkaure (D:4)
  2 water moccasins
  A black bear (D:4)
  A centaur (D:7)
  A boggart (D:4)
  A phantom (D:5)
  3 kobold brigands (D:7)
  An elf zombie (D:5)
  2 wyvern zombies (D:7)
  4 scorpions
  2 bullfrogs
  2 necrophages (D:5)
  A water moccasin zombie (D:7)
  2 elf skeletons (D:5)
  A howler monkey (D:5)
  3 centaur zombies (Ossuary)
  5 hounds
  A jelly (D:4)
  3 orc priests (D:5)
  3 human skeletons (D:5)
  7 iguanas
  6 orc wizards
  2 killer bee zombies (D:7)
  3 mummies
  3 howler monkey zombies (D:7)
  4 gnolls
  7 adders
  A shadow imp (D:6)
  2 ufetubi (D:5)
  An adder zombie (Ossuary)
  5 dart slugs
  21 orcs
  7 endoplasms
  A giant cockroach (D:1)
  8 goblins
  7 hobgoblins
  10 jackals
  14 kobolds
  3 quokkas
  8 ball pythons
  4 bats (D:1)
  3 frilled lizards
  9 hobgoblin zombies (Ossuary)
  A jackal zombie (Ossuary)
  10 kobold zombies (Ossuary)
  4 orc skeletons (D:5)
  11 orc zombies
  10 rats
  3 rat zombies (Ossuary)
220 creatures vanquished.

Vanquished Creatures (others)
  A gnoll (D:7)
  A shadow imp (D:7)
  3 plants (D:5)
5 creatures vanquished.

Grand Total: 225 creatures vanquished

Notes
Turn   | Place    | Note
-------+----------+-------------------------------------------
     0 | Abyss:1  | suipiss the Demonspawn Abyssal Knight began the quest for
                  | the Orb.
     0 | Abyss:1  | Reached XP level 1. HP: 18/18 MP: 2/2
     1 | D:1      | Escaped the Abyss
   173 | D:1      | Reached skill level 1 in Dodging
   236 | D:1      | Gained mutation: You are partially covered in razor-sharp
                  | scales. (AC +1, Slay +1) [demonic ancestry]
   236 | D:1      | Reached XP level 2. HP: 19/24 MP: 3/3
   459 | D:1      | Reached skill level 3 in Invocations
   594 | D:1      | Gained mutation: You may rarely emit foul miasma when
                  | damaged in melee. [demonic ancestry]
   594 | D:1      | Reached XP level 3. HP: 17/29 MP: 5/5
  1059 | D:1      | Found a faded altar of an unknown god.
  1133 | D:1      | Reached *** piety under Lugonu
  1844 | D:2      | Reached XP level 4. HP: 35/35 MP: 6/6
  1970 | D:2      | Reached skill level 1 in Shields
  2850 | D:3      | Found Plog's Assorted Antiques.
  2977 | D:3      | You fall into a shaft and drop 1 floor!
  3002 | D:4      | Noticed an orc warrior
  3013 | D:4      | Noticed Menkaure
  3126 | D:3      | Noticed Terence
  3131 | D:3      | Noticed Terence
  3131 | D:3      | Terence changed into Terence the adder
  3133 | D:3      | Killed Terence the adder
  3202 | D:4      | Reached XP level 5. HP: 33/41 MP: 7/7
  3230 | D:4      | Noticed a boggart
  3230 | D:4      | an orc warrior changed into a boggart
  3246 | D:4      | Killed a boggart
  3247 | D:4      | Reached skill level 4 in Invocations
  3408 | D:4      | Gained mutation: You are mostly covered in razor-sharp
                  | scales. (AC +2, Slay +2) [demonic ancestry]
  3408 | D:4      | Reached XP level 6. HP: 25/48 MP: 9/9
  3738 | D:4      | Killed Menkaure
  3739 | D:4      | Gained mutation: You have a pair of small horns on your
                  | head. [demonic ancestry]
  3739 | D:4      | Reached XP level 7. HP: 53/54 MP: 10/10
  3810 | D:4      | Reached skill level 5 in Invocations
  4159 | D:4      | Reached **** piety under Lugonu
  4268 | D:4      | Noticed Edmund
  4682 | D:5      | Entered Level 5 of the Dungeon
  5097 | D:5      | Found a sand-covered staircase.
  5102 | Ossuary  | Entered an ossuary
  5152 | Ossuary  | Reached XP level 8. HP: 61/61 MP: 12/12
  5634 | D:5      | Reached skill level 6 in Invocations
  5767 | D:5      | Found Myejait's Antique Armour Shop.
  5774 | D:5      | Reached skill level 5 in Fighting
  5921 | D:5      | Noticed Grinder
  5929 | D:5      | Reached ***** piety under Lugonu
  5934 | D:5      | Gained mutation: Your system is resistant to poisons.
                  | (rPois) [potion of mutation]
  5934 | D:5      | Gained mutation: You have hidden genetic defects. [potion
                  | of mutation]
  5934 | D:5      | Paralysed by Grinder for 3 turns
  5960 | D:5      | Killed Grinder
  6137 | D:5      | Lost mutation: Your system is resistant to poisons. (rPois)
                  | [potion of mutation]
  6137 | D:5      | Lost mutation: You have hidden genetic defects. [potion of
                  | mutation]
  6137 | D:5      | Gained mutation: You are agile. (Dex +4, Str/Int -1)
                  | [potion of mutation]
  6137 | D:5      | Gained mutation: You are weak. (Str -2) [potion of
                  | mutation]
  6137 | D:5      | Gained mutation: You are robust. (+10% HP) [potion of
                  | mutation]
  6508 | D:5      | Found a snail-covered altar of Cheibriados.
  7516 | D:6      | Reached XP level 9. HP: 74/74 MP: 14/14
  7531 | D:6      | Found Joleluz's Assorted Antiques.
  7699 | D:5      | Bought an embroidered scarf for 264 gold pieces
  7842 | D:6      | Found a burning altar of Makhleb.
  7842 | D:6      | Found a basalt altar of Yredelemnul.
  7844 | D:6      | Found a basalt altar of Yredelemnul.
  7844 | D:6      | Found a basalt altar of Yredelemnul.
  7844 | D:6      | Found a shimmering altar of Xom.
  8455 | D:7      | Reached skill level 7 in Invocations
  8932 | D:7      | Reached skill level 5 in Armour
  8934 | D:7      | Noticed Maggie
  8941 | D:7      | Reached skill level 5 in Maces & Flails
  8960 | D:7      | Killed Maggie
  8969 | D:7      | Reached skill level 5 in Dodging
  9187 | D:7      | Found a staircase to the Ecumenical Temple.
  9345 | D:7      | Reached skill level 5 in Shields
  9561 | D:7      | Found a basalt altar of Yredelemnul.
  9584 | D:7      | Reached skill level 8 in Invocations
 10446 | D:8      | Noticed a two-headed ogre
 10446 | D:8      | Noticed a two-headed ogre
 10474 | D:8      | Slain by a two-headed ogre

Illustrated notes

Levels and vault maps discovered:
D:1:      dpeg_arrival_subterranean_lakeside_camping, layout_basic,
          hellmonk_ecumenical_altar_arch_garden, minmay_domino_4
D:2:      layout_basic, minivault_27
D:3:      layout_basic, serial_shops, nicolae_shop_hallway_plus, uniq_terence
D:4:      layout_basic, kennysheep_mini, uniq_edmund, uniq_menkaure
D:5:      layout_layer_cave, slow_altar_1, serial_shops,
          nicolae_shop_overgrown_old_shop, nicolae_ossuary_entry_catacombs,
          uniq_grinder
D:6:      layout_basic, doesnt_xom_only_xom, serial_shops, shop,
          minmay_a_box_with_orc_wizards_in_it
D:7:      layout_basic, nicolae_yredelemnul_corpse_copse,
          minmay_temple_entry_statues_pillars,
          minmay_fractal_squares_diagonal_5, uniq_maggie
D:8:      layout_loops_ring, hellmonk_guarded_unrand_gyre_and_gimble

Skill      XL: |  1  2  3  4  5  6  7  8  9 |
---------------+----------------------------+-----
Dodging        | 1 2 3 4 5 |  5.3
Armour         | 2 3 4 5 |  5.5
Maces & Flails | 2 3 4 5 |  5.5
Invocations    | 3 4 5 6 8 |  8.1
Shields        | 1 2 3 4 5 |  5.2
Fighting       | 4 5 6 |  6.6

Action                   |  1- 3 |  4- 6 |  7- 9 || total
-------------------------+-------+-------+-------++-------
Melee: Mace              |   123 |    90 |   550 ||   763
       Punch             |     2 |       |     7 ||     9
       Headbutt          |       |       |   124 ||   124
Evoke: Wand              |       |     4 |     1 ||     5
  Use: Scroll            |     3 |     1 |     9 ||    13
       Potion            |       |     8 |    21 ||    29
 Stab: Sleeping          |     1 |       |     1 ||     2
Armor: Leather armour    |    42 |    40 |   253 ||   335
       Acid dragon scale |       |       |    44 ||    44
       Skin              |       |       |     1 ||     1
Dodge: Dodged            |    84 |    95 |   457 ||   636
